General information
- name: BNet
- type: Ladder team game (AT/RT)
- host: Battle.net
- saver: bLinn
map: Monsoon
- players: 6
- length: 20:16
- speed: Fast
- version: 1.21 W3XP
- replay type:

» download(152 KB)
Players
team 1 (loser)

»
Easy.Win (
green | 55 APM | 1120 actions | 20:14)
3 Death Knight
2 Death Coil
1 Unholy Aura
3 Crypt Lord
2 Impale
1 Spiked Carapace
» actions
| Basic commands | 74 | |
| Build / train | 54 | |
| Enter build submenu | 18 | |
| Enter hero's abilities submenu | 6 | |
| Remove unit from queue | 4 | |
| Right click | 534 | |
| Select / deselect | 395 | |
| Use ability | 35 | |
1120 total
» units
| Acolyte | 2 | |
| Ghoul | 2 | |
| Crypt Fiend | 5 | |
| Gargoyle | 6 | |
| Abomination | 7 | |
| Meatwagon | 6 | |
| Obsidian Statue | 1 | |
29 total
» upgrades
» buildings
| Altar of Darkness | 1 | |
| Ziggurat | 10 | |
| Crypt | 1 | |
| Graveyard | 1 | |
| Tomb of Relics | 1 | |
| Halls of the Dead | 1 | |
| Nerubian Tower | 2 | |
| Black Citadel | 1 | |
| Slaughterhouse | 2 | |
| Spirit Tower | 2 | |
22 total
» build order
00:09 Altar of Darkness
00:17 Ziggurat
00:28 Crypt
01:10 Graveyard
01:18 Ziggurat
02:16 Tomb of Relics
04:22 Halls of the Dead
04:45 Ziggurat
04:56 Nerubian Tower
07:23 Black Citadel
08:26 Slaughterhouse
09:19 Ziggurat
09:21 Spirit Tower
09:22 Spirit Tower
09:29 Slaughterhouse
10:51 Ziggurat
10:58 Ziggurat
18:11 Ziggurat
18:59 Nerubian Tower
19:02 Ziggurat
19:10 Ziggurat
19:23 Ziggurat
» items
| Dust of Appearance | 1 | |
| Rod of Necromancy | 2 | |
| Scroll of Town Portal | 1 | |
| Scroll of Healing | 1 | |
5 total
RaWGaMe (
blue | 76 APM | 1524 actions | 20:04)
4 Death Knight
2 Death Coil
2 Unholy Aura
3 Lich
2 Frost Nova
1 Frost Armor
» actions
| Assign group hotkey | 265 | |
| Basic commands | 85 | |
| Build / train | 50 | |
| Enter build submenu | 16 | |
| Enter hero's abilities submenu | 8 | |
| Remove unit from queue | 3 | |
| Right click | 718 | |
| Select / deselect | 229 | |
| Select group hotkey | 100 | |
| Use ability | 50 | |
1524 total
» units
| Acolyte | 2 | |
| Ghoul | 4 | |
| Crypt Fiend | 13 | |
| Obsidian Statue | 4 | |
| Meatwagon | 5 | |
28 total
» upgrades
» buildings
| Crypt | 1 | |
| Graveyard | 1 | |
| Altar of Darkness | 1 | |
| Ziggurat | 10 | |
| Tomb of Relics | 1 | |
| Nerubian Tower | 1 | |
| Halls of the Dead | 1 | |
| Slaughterhouse | 2 | |
| Black Citadel | 1 | |
19 total
» build order
00:10 Crypt
00:21 Graveyard
00:38 Altar of Darkness
00:52 Ziggurat
01:08 Tomb of Relics
01:55 Ziggurat
04:17 Nerubian Tower
04:25 Ziggurat
04:40 Halls of the Dead
06:17 Ziggurat
08:50 Ziggurat
08:52 Slaughterhouse
08:55 Slaughterhouse
10:53 Ziggurat
11:17 Ziggurat
14:07 Black Citadel
17:09 Ziggurat
17:45 Ziggurat
» items
| Rod of Necromancy | 1 | |
| Dust of Appearance | 1 | |
| Scroll of Town Portal | 1 | |
| Potion of Healing | 2 | |
5 total
StDalcompleto (
teal | 16 APM | 314 actions | 20:08)
2 Blademaster
1 Wind Walk
1 Critical Strike
» actions
| Assign group hotkey | 8 | |
| Build / train | 12 | |
| Enter build submenu | 6 | |
| Enter hero's abilities submenu | 3 | |
| Remove unit from queue | 2 | |
| Right click | 163 | |
| Select / deselect | 98 | |
| Select group hotkey | 3 | |
| Use ability | 16 | |
314 total
» units
» buildings
| Altar of Storms | 1 | |
| Orc Burrow | 2 | |
| Voodoo Lounge | 1 | |
| Barracks | 1 | |
5 total
» build order
00:07 Altar of Storms
00:17 Orc Burrow
00:43 Voodoo Lounge
01:21 Barracks
02:09 Orc Burrow
team 2 (winner)
bLinn (
yellow | 96 APM | 1949 actions | 20:16)
3 Archmage
2 Summon Water Elemental
1 Brilliance Aura
2 Mountain King
1 Storm Bolt
1 Bash
» actions
| Assign group hotkey | 79 | |
| Basic commands | 16 | |
| Build / train | 104 | |
| ESC pressed | 7 | |
| Enter build submenu | 42 | |
| Enter hero's abilities submenu | 5 | |
| Remove unit from queue | 5 | |
| Right click | 986 | |
| Select / deselect | 420 | |
| Select group hotkey | 193 | |
| Use ability | 92 | |
1949 total
» units
| Peasant | 22 | |
| Footman | 3 | |
| Rifleman | 10 | |
| Sorceress | 5 | |
| Priest | 3 | |
43 total
» upgrades
| Masonry | 1 | |
| Defend | 1 | |
| Lumber Harvesting | 1 | |
| Gunpowder | 1 | |
4 total
» buildings
| Altar of Kings | 1 | |
| Farm | 7 | |
| Lumber Mill | 1 | |
| Scout Tower | 23 | |
| Guard Tower | 26 | |
| Arcane Tower | 2 | |
| Barracks | 2 | |
| Keep | 3 | |
| Arcane Vault | 1 | |
| Blacksmith | 1 | |
| Castle | 1 | |
| Arcane Sanctum | 1 | |
| Town Hall | 1 | |
70 total
» build order
00:01 Altar of Kings
00:03 Farm
00:13 Farm
00:58 Lumber Mill
03:25 Scout Tower
03:27 Scout Tower
03:29 Scout Tower
03:58 Guard Tower
03:58 Guard Tower
03:58 Guard Tower
04:06 Scout Tower
04:09 Scout Tower
04:26 Guard Tower
04:34 Scout Tower
04:34 Scout Tower
04:35 Scout Tower
04:46 Farm
05:42 Scout Tower
05:42 Scout Tower
05:42 Scout Tower
06:01 Scout Tower
06:01 Scout Tower
06:36 Guard Tower
06:36 Guard Tower
06:48 Arcane Tower
06:48 Arcane Tower
07:06 Scout Tower
07:06 Scout Tower
07:07 Scout Tower
07:08 Scout Tower
07:15 Scout Tower
07:45 Barracks
08:02 Keep
08:02 Keep
08:02 Keep
08:15 Guard Tower
08:16 Guard Tower
08:23 Guard Tower
08:37 Guard Tower
08:37 Guard Tower
08:37 Guard Tower
08:38 Guard Tower
08:47 Guard Tower
08:49 Scout Tower
08:54 Guard Tower
08:54 Guard Tower
08:55 Guard Tower
09:28 Farm
09:28 Farm
09:31 Guard Tower
09:31 Guard Tower
09:33 Farm
09:34 Scout Tower
10:13 Arcane Vault
10:39 Guard Tower
10:51 Blacksmith
10:55 Barracks
11:38 Scout Tower
13:41 Castle
13:52 Arcane Sanctum
13:53 Farm
14:19 Town Hall
15:56 Guard Tower
18:05 Scout Tower
18:06 Scout Tower
» items
| Scroll of Regeneration | 1 | |
| Scroll of Town Portal | 2 | |
| Potion of Healing | 1 | |
| Lesser Clarity Potion | 1 | |
5 total
iggy_the_fisk (
pink | 119 APM | 2409 actions | 20:15)
4 Archmage
2 Summon Water Elemental
2 Brilliance Aura
2 Mountain King
1 Storm Bolt
1 Bash
» actions
| Assign group hotkey | 321 | |
| Basic commands | 14 | |
| Build / train | 112 | |
| Enter build submenu | 34 | |
| Enter hero's abilities submenu | 6 | |
| Give item / drop item | 1 | |
| Remove unit from queue | 4 | |
| Right click | 1219 | |
| Select / deselect | 386 | |
| Select group hotkey | 197 | |
| Use ability | 115 | |
2409 total
» units
| Peasant | 36 | |
| Sorceress | 2 | |
| Knight | 6 | |
| Priest | 5 | |
| Flying Machine | 9 | |
58 total
» upgrades
| Masonry | 1 | |
| Lumber Harvesting | 1 | |
| Sorceress Training | 0 | |
| Animal War Training | 1 | |
| Swords | 1 | |
| Plating | 1 | |
| Flak Cannons | 1 | |
| Flying Machine Bombs | 1 | |
7 total
» buildings
| Altar of Kings | 1 | |
| Farm | 8 | |
| Lumber Mill | 1 | |
| Scout Tower | 16 | |
| Guard Tower | 19 | |
| Arcane Tower | 1 | |
| Keep | 2 | |
| Town Hall | 1 | |
| Castle | 3 | |
| Arcane Sanctum | 1 | |
| Barracks | 1 | |
| Blacksmith | 1 | |
| Workshop | 2 | |
| Arcane Vault | 1 | |
58 total
» build order
00:04 Altar of Kings
00:11 Farm
01:06 Farm
01:21 Farm
02:20 Lumber Mill
03:25 Scout Tower
04:08 Guard Tower
04:09 Scout Tower
04:23 Scout Tower
04:30 Guard Tower
04:42 Scout Tower
04:46 Farm
05:14 Arcane Tower
05:15 Guard Tower
05:17 Scout Tower
05:32 Scout Tower
05:45 Guard Tower
06:00 Guard Tower
06:39 Scout Tower
06:56 Scout Tower
07:19 Guard Tower
07:19 Guard Tower
07:19 Guard Tower
08:08 Scout Tower
08:22 Farm
08:37 Keep
08:37 Keep
08:46 Guard Tower
08:49 Scout Tower
09:00 Scout Tower
09:25 Guard Tower
09:32 Guard Tower
11:02 Town Hall
11:07 Scout Tower
11:08 Scout Tower
11:12 Scout Tower
11:35 Guard Tower
11:36 Guard Tower
11:42 Guard Tower
11:43 Guard Tower
11:45 Scout Tower
12:16 Guard Tower
12:19 Guard Tower
12:59 Castle
13:00 Castle
13:30 Arcane Sanctum
13:35 Barracks
14:05 Scout Tower
14:35 Blacksmith
14:36 Guard Tower
15:03 Farm
15:49 Workshop
15:50 Workshop
15:55 Farm
17:48 Farm
18:40 Arcane Vault
» items
| Boots of Speed | 1 | |
| Staff of Teleportation | 1 | |
| Scroll of Town Portal | 2 | |
| Potion of Healing | 1 | |
| Scroll of Regeneration | 1 | |
| Staff of Sanctuary | 1 | |
7 total
Mata. (
red | 131 APM | 2649 actions | 20:15)
3 Naga Sea Witch
2 Frost Arrows
1 Forked Lightning
2 Keeper of the Grove
1 Entangling Roots
1 Thorns Aura
» actions
| Assign group hotkey | 259 | |
| Basic commands | 3 | |
| Build / train | 61 | |
| Enter build submenu | 29 | |
| Enter hero's abilities submenu | 5 | |
| Right click | 1392 | |
| Select / deselect | 583 | |
| Select group hotkey | 231 | |
| Use ability | 86 | |
2649 total
» units
| Wisp | 22 | |
| Dryad | 14 | |
| Druid of the Claw | 2 | |
38 total
» upgrades
| Abolish Magic | 1 | |
| Druid of the Claw Training | 2 | |
3 total
» buildings
| Moon Well | 8 | |
| Tree of Life | 2 | |
| Altar of Elders | 2 | |
| Ancient of War | 5 | |
| Tree of Ages | 2 | |
| Hunter's Hall | 1 | |
| Ancient of Lore | 2 | |
| Ancient of Wonders | 2 | |
| Tree of Eternity | 2 | |
26 total
» build order
00:16 Moon Well
01:10 Tree of Life
01:25 Altar of Elders
01:43 Ancient of War
02:07 Ancient of War
03:19 Ancient of War
03:34 Ancient of War
03:38 Ancient of War
04:38 Tree of Ages
05:48 Tree of Ages
06:13 Hunter's Hall
08:10 Ancient of Lore
08:13 Ancient of Lore
08:16 Moon Well
09:09 Moon Well
09:50 Moon Well
10:16 Ancient of Wonders
12:55 Altar of Elders
13:51 Ancient of Wonders
16:06 Tree of Eternity
17:54 Tree of Life
19:16 Moon Well
19:17 Moon Well
19:18 Moon Well
» items
| Staff of Preservation | 1 | |
| Potion of Healing | 2 | |
| Scroll of Town Portal | 1 | |
| Scroll of Healing | 1 | |
5 total
Chat log
(16:54 / All) RaWGaMe: ^^!